 Dungeon Crawl Stone Soup version 0.18.1-48-g4cf74bf (webtiles) character file.

71 Legion the Skirmisher (level 4, -9/30 HPs)
             Began as a Gargoyle Fighter on Aug 17, 2016.
             Mangled by a spatial maelstrom (18 damage)
             ... on level 1 of the Abyss.
             The game lasted 00:07:45 (1167 turns).

Legion the Skirmisher (Gargoyle Fighter)            Turns: 1167, Time: 00:07:45

Health: -9/30      AC: 10    Str: 21    XL:     4   Next: 24%
Magic:  4/4        EV:  7    Int:  8    God:
Gold:   77         SH:  9    Dex:  9    Spells: 0 memorised, 3 levels left

rFire  . . .     SeeInvis .     a - +0 flail
rCold  . . .     Gourm    .     b - +0 scale mail
rNeg   + . .     Faith    .     l - +0 shield
rPois  ∞         Spirit   .     (no helmet)
rElec  +         Dismiss  .     (no cloak)
rCorr  .         Reflect  .     (no gloves)
SustAt .         Harm     .     (no boots)
MR     .....                    (no amulet)
Stlth  ..........               (no ring)
                                (no ring)

@: very slightly contaminated, hasted, very quick, not resistant to hostile
enchantments, extremely unstealthy
A: negative energy resistance 1, electricity resistance, unbreathing,
petrification resistance, rot immunity, AC +3
a: no special abilities


You were on level 1 of the Abyss.
You were not hungry.

You visited 1 branch of the dungeon, and saw 2 of its levels.
You visited the Abyss 1 time.

You collected 77 gold pieces.

Inventory:

Hand Weapons
 a - a +0 flail (weapon)
Armour
 b - a +0 scale mail (worn)
 l - a +0 shield (worn)
Jewellery
 m - a -2 ring of protection
Scrolls
 i - a scroll of remove curse
 k - a scroll of teleportation {unknown}
Potions
 d - 2 potions of might
 e - a potion of curing {unknown}
 j - a potion of haste
Comestibles
 c - a slice of pizza
 f - 3 bread rations
 g - a beef jerky
 h - a meat ration


   Skills:
 + Level 4.5 Fighting
 * Level 3.3 Maces & Flails
 - Level 3.2 Armour
 - Level 3.2 Shields


You had 3 spell levels left.
You didn't know any spells.

Dungeon Overview and Level Annotations

Branches:
Dungeon (2/15)

Altars:
Cheibriados
Ru


Innate Abilities, Weirdness & Mutations

You are resistant to torment.
Your stone body is resilient (AC +3).
You are immune to poison.
You resist negative energy.
You are resistant to electric shocks.
You can survive without breathing.
You are immune to petrification.
You are immune to rotting.


Message History

You are cast into the Abyss!
To return, you must find a gate leading back.
Killing monsters will force the Abyss to allow you passage.
This branch contains the abyssal rune of Zot.
Found 29 stones.
Found a corrupted altar of Lugonu.
Found a club and 30 gold pieces.
You now have 77 gold pieces (gained 30).
You are suddenly pulled into a different region of the Abyss!
A spatial vortex and a spatial maelstrom come into view.
You feel yourself speed up.
You are very lightly contaminated with residual magic.
An eye of draining comes into view.
The eye of draining turns its gaze towards you.
An ancient zyme comes into view.
Found a scroll of remove curse.
The spatial maelstrom hits you!
* * * LOW HITPOINT WARNING * * *
Space warps horribly around you!
Ouch! That really hurt!
You die...

≈≈≈≈≈≈≈##. ≈≈ ≈≈
#. ≈v≈≈≈≈.##
v≈≈≈≈#.#
##≈≈≈≈.#
#..≈≈≈## ..
#...≈.##### ?.
##.# #.#..#.#.#
## ## ##v@....#
##.##
##....#.....
##...###.....#
##. ##...
.#.G##..#
#........v.#x.#
##.....#..#..##
##...###.##.#
##.## #.#....
####...##...#...


You could see a spatial maelstrom, a spatial vortex (wandering), an ancient zyme
and an eye of draining.

Vanquished Creatures
  3 adders (D:2)
  An ooze (D:1)
  A giant cockroach (D:1)
  4 goblins
  3 hobgoblins
  4 jackals (D:1)
  6 kobolds
  A ball python (D:1)
  8 bats
  A giant newt (D:1)
  4 rats (D:1)
36 creatures vanquished.

Notes
Turn   | Place    | Note
--------------------------------------------------------------
     0 | D:1      | Legion the Gargoyle Fighter began the quest for the Orb.
     0 | D:1      | Reached XP level 1. HP: 14/14 MP: 1/1
    66 | D:1      | Reached XP level 2. HP: 20/20 MP: 2/2
   281 | D:1      | Reached skill level 4 in Fighting
   314 | D:1      | Reached XP level 3. HP: 24/24 MP: 3/3
   994 | D:2      | Reached XP level 4. HP: 30/30 MP: 4/4
  1016 | D:2      | Found a sacrificial altar of Ru.
  1093 | D:2      | Found a snail-covered altar of Cheibriados.
  1116 | D:2      | Cast into level 1 of the Abyss (kobold)
  1116 | Abyss:1  | Found a corrupted altar of Lugonu.
  1156 | Abyss:1  | Noticed a spatial maelstrom
  1156 | Abyss:1  | Noticed a spatial vortex
  1162 | Abyss:1  | Noticed an eye of draining
  1163 | Abyss:1  | Noticed an ancient zyme
  1167 | Abyss:1  | Mangled by a spatial maelstrom

Skill      XL: |  1  2  3 |
---------------+----------+-----
Fighting       | 4 |  4.5
Maces & Flails | 3 |  3.3
Armour         | |  3.2
Shields        | |  3.2

Action                   |  1- 3 |  4- 6 || total
-------------------------+-------+-------++-------
Melee: Flail             |   157 |    31 ||   188
  Use: Scroll            |     4 |     1 ||     5
       Potion            |       |     1 ||     1
  Eat: Chunk             |     1 |       ||     1
Armor: Scale mail        |   130 |    31 ||   161
Dodge: Dodged            |    65 |    18 ||    83
Block: Shield            |   110 |    25 ||   135
